[Event "*** Titled Tuesday Blitz"]
[Site "Chess.com"]
[Date "2019.09.03"]
[Round "8"]
[White "Parhamov"]
[Black "StephenDedalus83"]
[Result "1-0"]
[WhiteElo "2917"]
[BlackElo "2830"]
[TimeControl "180+2"]
[EndTime "16:52:27 PDT"]
[Termination "Parhamov won by resignation"]

1. f4 c5 2. Nf3 Nc6 3. g3 g6 4. Bg2 Bg7 5. O-O e6 6. c3 Nge7 7. e4 d6 8. d3 O-O 9. Be3 b6 10. a3 Bb7 11. Nbd2 Qd7 12. Re1 f5 13. Rc1 Rae8 14. b4 h6 15. h3 Kh7 16. Nc4 Qc7 17.
b5 Nd8 18. e5 dxe5 19. Ncxe5 Nf7 20. Nxf7 Rxf7 21. c4 Ng8 22. Qe2 Rd7 23. Bf2 Bxf3 24. Qxf3 Bd4 25. Bxd4 Rxd4 26. Re3 Nf6 27. Rce1 Rd6 28.
Qe2 Qc8 29. a4 Re7 30. Bf3 g5 31. Qf2 gxf4 32. gxf4 Rd4 33. Qh4 Ng8 34. Kh1 Qc7 35. Rxe6 Rxe6 36. Rxe6 Qxf4 37. Qxf4 Rxf4 38. Kg2 Rd4 39. a5 bxa5 40. Ra6 Rd7 41. Bc6 Re7 42. Rxa5 Nf6 43. Ra6 Kg7 44. Bf3 Rd7 45. Rc6 Rxd3 46. Rxc5 Rc3 47. Rc7+ Kg6 48. c5 Ne4 49. Bxe4 fxe4 50.
c6 Rc5 51. Rc8 Kg7 52. Ra8 Kg6 53. Kf2 Rc3 54. Ke2 Rc5 55. Ke3 Kf5 56. Kd4 Rc1 57.
Rxa7 Rd1+ 58. Kc5 e3 59. Re7 Kf4 60. c7 Rc1+ 61. Kd6 Kf3 62. b6 e2 63. Rxe2 Kxe2 64. b7 1-0

[Event "*** Titled Tuesday Blitz"]
[Site "Chess.com"]
[Date "2019.09.03"]
[Round "8"]
[White "boasovietica"]
[Black "Denis_Palkovich"]
[Result "1-0"]
[WhiteElo "2441"]
[BlackElo "2227"]
[TimeControl "180+2"]
[EndTime "16:52:28 PDT"]
[Termination "boasovietica won by checkmate"]

1. e4 c6 2. Nf3 d5 3. Nc3 dxe4 4. Nxe4 Nf6 5. Qe2 Nxe4 6. Qxe4 Qd5 7. Qh4 e5 8. Bc4 Qd6 9. Qh5 Be6 10. Bxe6 Qxe6 11. Qxe5 Qxe5+ 12. Nxe5 Nd7 13. Nxd7 Kxd7 14. O-O Re8 15. Rd1 Bc5 16. d4 Bd6 17. Be3 f5 18. g3 h5 19. c4 h4 20. c5 Bc7 21. d5 cxd5 22. Rxd5+ Ke6 23. Rad1 hxg3 24. hxg3 Rd8 25.
Rxd8 Rxd8 26. Rc1 f4 27. gxf4 Kf5 28. Rc4 Kg4 29. Kg2 Rd1 30. c6 b5 31. Re4 Rd6 32. Re7 Rxc6 33. Rxg7+ Kf5 34. Rg5+ Ke4 35. Rxb5 Rc2 36.
Rb4+ Kd3 37. Kf3 a5 38. Rd4# 1-0

[Event "*** Titled Tuesday Blitz"]
[Site "Chess.com"]
[Date "2019.09.03"]
[Round "8"]
[White "daro94"]
[Black "eljanov"]
[Result "0-1"]
[WhiteElo "2893"]
[BlackElo "2938"]
[TimeControl "180+2"]
[EndTime "16:52:29 PDT"]
[Termination "eljanov won by resignation"]

1. e4 c6 2. d4 d5 3. e5 Bf5 4.
Nf3 e6 5. Be2 Ne7 6. c3 h6 7.
O-O Nd7 8. Nbd2 Qc7 9. Re1 Bg6 10. b3 c5 11. c4 dxc4 12. Nxc4 Nd5 13. Bb2 Be7 14.
Nd6+ Kf8 15. Rc1 b6 16. Bc4 Bxd6 17. exd6 Qxd6 18. dxc5 bxc5 19. Ne5 Nxe5 20. Bxe5 Qc6 21. Bxd5 exd5 22. Bd4 c4 23. Qf3 Rc8 24. Qc3 f6 25. Bxa7 Kf7 26. Bd4 Rhe8 27. Rxe8 Rxe8 28. Be3 Rc8 29. h3 Bf5 30. a4 Qa6 31. Qd4 cxb3 32. Rxc8 Qxc8 33. Qxd5+ Be6 34. Qb5 Qc2 35.
Qb7+ Kg6 36. Bd4 Qd1+ 37. Kh2 Qxd4 38. a5 b2 39. a6 Qf4+ 40. Kg1 Qc1+ 41. Kh2 b1=Q 0-1

[Event "*** Titled Tuesday Blitz"]
[Site "Chess.com"]
[Date "2019.09.03"]
[Round "8"]
[White "Vuks91"]
[Black "ckgchess"]
[Result "0-1"]
[WhiteElo "2614"]
[BlackElo "2751"]
[TimeControl "180+2"]
[EndTime "16:52:45 PDT"]
[Termination "ckgchess won on time"]

1. d4 Nf6 2. Nf3 e6 3. Bf4 c5 4. e3 Nc6 5. Nbd2 Nh5 6. Bg5 f6 7. Bh4 g6 8. c3 Ng7 9. Ne4 g5 10. Bg3 cxd4 11. exd4 d5 12. Ned2 h5 13. h4 g4 14. Ng1 Nf5 15. Bd3 Nxg3 16. fxg3 Bd6 17. Ne2 Qc7 18. O-O Bd7 19. Nf4 O-O-O 20. b4 Bxf4 21. gxf4 e5 22. b5 Ne7 23. fxe5 fxe5 24.
dxe5 Kb8 25. Rc1 Qxe5 26. Qe1 Qd6 27. Qe3 Rhf8 28. Nb3 Nf5 29. Bxf5 Bxf5 30. Nd4 Be4 31. Rxf8 Rxf8 32. Rf1 Rxf1+ 33. Kxf1 Qh2 34. Qf2 Qh1+ 35. Ke2 Qxg2 36. Qxg2 Bxg2 37. Ne6 Be4 38. Nf4 Kc7 39. Nxh5 Kb6 40. Nf6 Bb1 41. h5 g3 42. Kf3 Kxb5 43.
Nxd5 Bxa2 44. h6 Bxd5+ 0-1

[Event "*** Titled Tuesday Blitz"]
[Site "Chess.com"]
[Date "2019.09.03"]
[Round "8"]
[White "INLOVEWITHF"]
[Black "imdvb6307"]
[Result "0-1"]
[WhiteElo "2301"]
[BlackElo "2435"]
[TimeControl "180+2"]
[EndTime "16:52:46 PDT"]
[Termination "imdvb6307 won by resignation"]

1. Nf3 f5 2. d3 Nc6 3. d4 d6 4. g3 g6 5. Bg2 Bg7 6. d5 Ne5 7. Nd4 Nf6 8. O-O O-O 9. Na3 h6 10. c4 g5 11. Ne6 Bxe6 12. dxe6 c6 13. f4 gxf4 14. Bxf4 Qb6+ 15. e3 Qxb2 16. Qa4 Qb6 17. Rab1 Qc7 18. c5 Nd3 19. cxd6 exd6 20. e7 Rf7 21.
Qc4 Nxf4 22. Rxf4 d5 23. Nb5 Qb6 24. Qd3 cxb5 25. Rxb5 Qa6 26. Bxd5 Nxd5 27. Qxd5 Qc6 28. Qd8+ Qe8 29. Qxe8+ Rxe8 30. Rxb7 Rexe7 31. Rxe7 Rxe7 32. Rxf5 Rxe3 33. Ra5 Bd4 34. Kg2 Re2+ 35. Kh3 Bg1 36.
Kg4 Rxh2 37. Rd5 Kf7 38. Kf5 Rf2+ 39. Kg4 Rxa2 40. Rf5+ Kg6 41. Rd5 Bb6 42. Rd6+ Kg7 43. Kf5 Ra5+ 44. Kg4 0-1

[Event "*** Titled Tuesday Blitz"]
[Site "Chess.com"]
[Date "2019.09.03"]
[Round "8"]
[White "Alohamora11"]
[Black "ElGasanov"]
[Result "0-1"]
[WhiteElo "2478"]
[BlackElo "2690"]
[TimeControl "180+2"]
[EndTime "16:52:51 PDT"]
[Termination "ElGasanov won by resignation"]

1. e4 c5 2. Nf3 Nf6 3. e5 Nd5 4. Nc3 Nxc3 5. dxc3 Nc6 6. Bf4 e6 7. Bc4 Qc7 8. Qd2 h6 9. Bg3 a6 10. a4 b6 11. O-O Bb7 12. Rfe1 Ne7 13. Qf4 Ng6 14. Qe3 Be7 15. h4 O-O-O 16. Qd3 d5 17. Bxa6 c4 18. Bxb7+ Kxb7 19. Qe3 Bc5 20. Nd4 Ne7 21. Qd2 Bxd4 22. cxd4 Nf5 23. a5 b5 24. Qb4 Ka6 25. c3 g5 26. h5 Rb8 27.
Reb1 Rhc8 28. b3 cxb3 29. Rxb3 Qc4 30. Qa3 Qd3 31. Rab1 Rc4 32. Qb2 Ra4 33. Ra3 Rxa3 34.
Qxa3 Qxb1+ 35. Kh2 Qd3 36. Qc5 Qc4 37. Qa3 Rc8 38. f3 Qxc3 39. Qa2 Qxd4 40. Qa3 Qc5 41. Qd3 d4 42. Qe4 Qd5 43. Qd3 Rc3 44. Qd1 Nxg3 45. Kxg3 Qxe5+ 46. Kh3 g4+ 0-1

[Event "*** Titled Tuesday Blitz"]
[Site "Chess.com"]
[Date "2019.09.03"]
[Round "8"]
[White "alishersuleymenov"]
[Black "Fighterman91"]
[Result "1-0"]
[WhiteElo "2667"]
[BlackElo "2740"]
[TimeControl "180+2"]
[EndTime "16:52:52 PDT"]
[Termination "alishersuleymenov won by resignation"]

1. d4 Nf6 2. Nf3 e6 3. Bf4 c5 4.
e3 Nc6 5. c3 Be7 6. Nbd2 Nh5 7.
Bg3 d5 8. Bd3 Nxg3 9. hxg3 Qb6 10. Rb1 Bd7 11. dxc5 Qxc5 12. Qc2 h6 13. b4 Qd6 14. a4 Rc8 15. Qd1 Ne5 16. Qc2 Bf6 17. Nxe5 Qxe5 18. c4 dxc4 19. Nxc4 Qc3+ 20. Qxc3 Bxc3+ 21. Ke2 Ke7 22. Rhc1 Bf6 23. b5 Rc7 24. b6 axb6 25.
Nxb6 Rxc1 26. Rxc1 Bc6 27. Bb5 Bxb5+ 28. axb5 Kd6 29.
f4 Bd8 30. Nc4+ Ke7 31. e4 Bc7 32. b6 Bb8 33. Na5 Bd6 34. e5 Bb8 35. Nxb7 f6 36. Na5 fxe5 37. Nc6+ Kf6 38. fxe5+ Bxe5 39. Rf1+ Kg5 40.
Nxe5 Rb8 41. Rb1 Kf5 42. Nd7 Rb7 43. Nc5 Rxb6 44. Rxb6 Kg4 45. Rxe6 g5 46. Rxh6 Kf5 47. g4+ Kxg4 48. Ne4 Kf4 49. Nxg5 Kg3 50. Rh8 1-0

[Event "*** Titled Tuesday Blitz"]
[Site "Chess.com"]
[Date "2019.09.03"]
[Round "8"]
[White "JakeCarlosBanawa"]
[Black "Mikhail_Golubev"]
[Result "0-1"]
[WhiteElo "2498"]
[BlackElo "2438"]
[TimeControl "180+2"]
[EndTime "16:52:56 PDT"]
[Termination "Mikhail_Golubev won on time"]

1. d4 Nf6 2. c4 g6 3. Nc3 Bg7 4. e4 d6 5. Nf3 O-O 6. Be2 e5 7. O-O Nc6 8. d5 Ne7 9. Ne1 Ne8 10. Be3 f5 11. f3 f4 12. Bf2 g5 13.
c5 Ng6 14. a4 h5 15. a5 Rf7 16. cxd6 Nxd6 17. Nd3 Bf8 18. Nc5 Qf6 19. Qb3 g4 20. Ne6 g3 21. Bc5 gxh2+ 22. Kh1 Nh4 23. Nb5 Nxb5 24. Bxb5 Bxc5 25. Nxc5 Qg5 26. Rf2 Qg3 27.
Raf1 Rg7 28. d6+ Kh8 29. d7 Bxd7 30. Bxd7 Nxg2 31. Ne6 Rxd7 32. Rxg2 Rg8 33. Rxg3 fxg3 34. Qc2 h4 35. Kg2 h3+ 36. Kxh3 g2 37. Kxh2 gxf1=Q 0-1

[Event "*** Titled Tuesday Blitz"]
[Site "Chess.com"]
[Date "2019.09.03"]
[Round "8"]
[White "GCamachoMartinez"]
[Black "guillembaches"]
[Result "1-0"]
[WhiteElo "2437"]
[BlackElo "2321"]
[TimeControl "180+2"]
[EndTime "16:52:59 PDT"]
[Termination "GCamachoMartinez won on time"]

1. d4 Nf6 2. c4 e6 3. Nf3 d5 4. Nc3 Be7 5. Bf4 O-O 6. e3 Nbd7 7. c5 c6 8. Bd3 b6 9. b4 a5 10. b5 Bb7 11. bxc6 Bxc6 12. cxb6 Qxb6 13. O-O a4 14. Rb1 Qa5 15. Nb5 Rfc8 16. h3 h6 17.
Qe1 Ne8 18. Qxa5 Rxa5 19. Rfc1 Bb7 20. Nc7 Ba8 21. Nxe8 Rxe8 22. Bb5 Ra7 23. Rc7 Rxc7 24. Bxc7 Rc8 25. Bxd7 Rxc7 26. Rb8+ Kh7 27. Rxa8 Rxd7 28.
Ne5 Rb7 29. Rxa4 f6 30. Nf3 Rb1+ 31. Kh2 Bd6+ 32. g3 e5 33. dxe5 fxe5 34. Ra6 e4 35. Nd4 Be5 36. Ra5 Rb2 37. Kg1 Bxd4 38. exd4 Rb1+ 39. Kg2 Rb2 40. Kf1 Rb1+ 41. Ke2 Rb2+ 42. Ke3 1-0

[Event "*** Titled Tuesday Blitz"]
[Site "Chess.com"]
[Date "2019.09.03"]
[Round "8"]
[White "TheFireChess"]
[Black "tbalabayev"]
[Result "1/2-1/2"]
[WhiteElo "2504"]
[BlackElo "2396"]
[TimeControl "180+2"]
[EndTime "16:53:04 PDT"]
[Termination "Game drawn by repetition"]

1. Nf3 Nf6 2. g3 d6 3. Bg2 e5 4. d3 g6 5. Nc3 Bg7 6. e4 O-O 7.
h3 Nbd7 8. Be3 Re8 9. Qd2 c6 10. Bh6 Bh8 11. O-O-O d5 12. exd5 cxd5 13. d4 e4 14. Ne5 Nxe5 15. dxe5 Rxe5 16. Bf4 Re8 17. Nxd5 Nxd5 18. Qxd5 Qf6 19. c3 Be6 20. Qa5 b6 21. Qa3 g5 22. Be3 Qg6 23. h4 h6 24.
hxg5 hxg5 25. Rxh8+ Kxh8 26. Rh1+ Kg7 27. Bd4+ f6 28. Qa6 Qf7 29. Bxe4 Rh8 30. Re1 Bc4 31. Qa4 Rae8 32. g4 Re7 33. f3 Rh2 34. b3 Bd3 35. Qb4 Bxe4 36. fxe4 Qe6 37. e5 f5 38. gxf5 Qxf5 39. Qxe7+ Kg8 40. Qd8+ Kh7 41. Qc7+ Kg8 42. Qd8+ Kh7 43. Qe7+ Kg8 44. Qe8+ Kh7 45. Qe7+ Kg8 1/2-1/2

[Event "*** Titled Tuesday Blitz"]
[Site "Chess.com"]
[Date "2019.09.03"]
[Round "8"]
[White "STARMATEcc"]
[Black "tteshan"]
[Result "0-1"]
[WhiteElo "2512"]
[BlackElo "2233"]
[TimeControl "180+2"]
[EndTime "16:53:06 PDT"]
[Termination "tteshan won on time"]

1. e4 c5 2. c3 d6 3. d4 Nf6 4. Bd3 g6 5. Nf3 Bg7 6. O-O O-O 7. e5 dxe5 8. dxe5 Nd5 9. Re1 Nc6 10. h3 h6 11. Na3 Be6 12. Qe2 a6 13. Bd2 Qc7 14. h4 Bg4 15. Be4 e6 16. Bxd5 exd5 17. Bf4 Qe7 18.
Rad1 Rad8 19. Nc2 Be6 20. Qd2 Kh7 21. Ne3 d4 22. cxd4 Nxd4 23. Qc3 Nxf3+ 24. gxf3 Qxh4 25.
Bg3 Qh5 26. Ng2 g5 27. f4 Rxd1 28. Qc2+ Bf5 29. Qxd1 Qxd1 30. Rxd1 Re8 31. Rd5 b6 32. Rd6 Re6 33. fxg5 hxg5 34. Ne3 Kg6 35. Nd5 Bf8 36.
Rxb6 Rxb6 37. Nxb6 Be6 38. b3 Kf5 39. Na4 Ke4 40. Kg2 Kd3 41. f4 gxf4 42. Bxf4 Kc2 43. Be3 c4 0-1

[Event "*** Titled Tuesday Blitz"]
[Site "Chess.com"]
[Date "2019.09.03"]
[Round "8"]
[White "TigranLPetrosyan"]
[Black "IMTominho"]
[Result "0-1"]
[WhiteElo "2901"]
[BlackElo "2713"]
[TimeControl "180+2"]
[EndTime "16:53:08 PDT"]
[Termination "IMTominho won by resignation"]

1. Nf3 d5 2. g3 Nf6 3. Bg2 Bg4 4. c4 c6 5. Ne5 Be6 6. O-O Nbd7 7. cxd5 Bxd5 8. Nf3 c5 9. Nc3 Bc6 10. d3 e6 11. e4 Be7 12. Qe2 e5 13. a4 O-O 14. Nd2 Re8 15. Nc4 b6 16. f4 exf4 17. gxf4 Qc7 18. Kh1 Bf8 19. f5 Ne5 20. Bf4 Nfd7 21.
Nb5 Bxb5 22. axb5 Bd6 23. Ne3 Nf6 24. Bg5 Ned7 25. Bf3 Bf4 26. Rg1 Bxg5 27. Rxg5 Kf8 28. Rag1 g6 29. fxg6 hxg6 30. Bg2 Re5 31. Rg3 Rh5 32. e5 Re8 33. Bc6 Rexe5 34. Qf2 Kg7 35. Qg2 Rxe3 36. Rxe3 Ng4 37. Rg3 Rxh2+ 38. Qxh2 Nxh2 39.
Kxh2 Ne5 40. Be4 Qd6 41. Rf1 Qd7 42. Kg2 Qxb5 43. Rg5 Qxb2+ 44. Rf2 Qd4 45. Rff5 Nxd3 0-1

[Event "*** Titled Tuesday Blitz"]
[Site "Chess.com"]
[Date "2019.09.03"]
[Round "8"]
[White "MikeSailer"]
[Black "Al_Shima"]
[Result "0-1"]
[WhiteElo "2100"]
[BlackElo "2440"]
[TimeControl "180+2"]
[EndTime "16:53:10 PDT"]
[Termination "Al_Shima won by checkmate"]

1. b4 c6 2. e3 f5 3. Nf3 Nf6 4. Bb2 e6 5. c4 d5 6. b5 Bd6 7. Be2 O-O 8. O-O a6 9. a4 Qe7 10. d4 axb5 11. axb5 Rxa1 12. Bxa1 Ne4 13. Nbd2 Nd7 14.
Ne5 Ndf6 15. bxc6 bxc6 16. Nxc6 Qc7 17. Ne5 Nxd2 18. Qxd2 dxc4 19. f4 Ne4 20. Qc2 Bxe5 21. fxe5 Ba6 22. Rc1 Rc8 23. Bf3 Bb7 24. Be2 Bd5 25.
Bb2 Qe7 26. Ra1 Qg5 27. Bf3 Qxe3+ 28. Kh1 Nf2+ 29. Kg1 Nd1+ 30. Kf1 Bxf3 31. gxf3 Qxf3+ 32. Ke1 Ne3 33. Qe2 Qe4 34. Rc1 f4 35. Rc3 Rb8 36. Bc1 Rb1 37. Qh5 Qh1+ 38. Ke2 Qd1+ 39. Kf2 Qf1# 0-1

[Event "*** Titled Tuesday Blitz"]
[Site "Chess.com"]
[Date "2019.09.03"]
[Round "8"]
[White "aa175"]
[Black "iLuusions"]
[Result "1-0"]
[WhiteElo "2294"]
[BlackElo "2582"]
[TimeControl "180+2"]
[EndTime "16:53:12 PDT"]
[Termination "aa175 won by resignation"]

1. d4 Nf6 2. Bf4 e6 3. e3 c5 4. Nf3 d5 5. Nbd2 Bd6 6. Bg3 Qc7 7. Ne5 Nc6 8. Nxc6 Qxc6 9. c3 b6 10. a4 a6 11. Nf3 Ne4 12. Bd3 O-O 13. Bxe4 dxe4 14.
Ne5 Qc7 15. Qh5 g6 16. Qh6 Rd8 17. Bh4 Be7 18. Bxe7 Qxe7 19. Nc6 Qf8 20. Qh4 Re8 21. Ne5 f6 22. Qxe4 Ra7 23. Nf3 e5 24. dxe5 Bf5 25. Qc4+ Be6 26. Qf4 Rf7 27. exf6 Rxf6 28. Qc7 Bc4 29.
O-O-O Re7 30. Rd7 Rff7 31. Rhd1 Bb3 32. Rxe7 Rxe7 33. Rd7 Rxd7 34. Qxd7 Qf5 35. Qxf5 gxf5 36.
a5 bxa5 37. Ne5 Kg7 38. Nd7 c4 39.
Nc5 Ba4 40. Nxa4 1-0

[Event "*** Titled Tuesday Blitz"]
[Site "Chess.com"]
[Date "2019.09.03"]
[Round "8"]
[White "patrisiii123"]
[Black "GMJimKnopf"]
[Result "1-0"]
[WhiteElo "2468"]
[BlackElo "2727"]
[TimeControl "180+2"]
[EndTime "16:53:13 PDT"]
[Termination "patrisiii123 won by checkmate"]

1. e4 g6 2. d4 c6 3. Bd3 d5 4. exd5 cxd5 5. c3 Bg7 6. h3 Nc6 7. Nf3 Nf6 8. O-O O-O 9. Re1 Bf5 10.
Bxf5 gxf5 11. Nbd2 e6 12. Nf1 Ne4 13. Bf4 Kh8 14.
Ne5 Nxe5 15. Bxe5 Rg8 16. Bxg7+ Rxg7 17. f3 Ng5 18. Kh1 Nxh3 19. gxh3 Qg5 20. Ne3 Qg3 21. Qe2 Rag8 22. Ng4 fxg4 23. hxg4 Qh3+ 24. Kg1 Rxg4+ 25. fxg4 Rxg4+ 26. Qxg4 Qxg4+ 27. Kf2 Qf4+ 28. Ke2 Qh2+ 29. Kd3 Qxb2 30. a4 Qg2 31. Re2 Qf3+ 32. Re3 Qf5+ 33. Kd2 h5 34. Rh1 Qf2+ 35. Re2 Qf4+ 36. Kc2 Qf5+ 37.
Kb2 Kg7 38. Rg2+ Kh6 39. Rg8 Qh7 40. Rhg1 f5 41. Re8 h4 42. Rxe6+ Kh5 43. Re8 h3 44. Re3 f4 45. Rxh3# 1-0

[Event "*** Titled Tuesday Blitz"]
[Site "Chess.com"]
[Date "2019.09.03"]
[Round "8"]
[White "chessking2151"]
[Black "chess3054"]
[Result "1-0"]
[WhiteElo "2616"]
[BlackElo "2486"]
[TimeControl "180+2"]
[EndTime "16:53:21 PDT"]
[Termination "chessking2151 won by checkmate"]

1. Nf3 Nf6 2. c4 b6 3. g3 Bb7 4. Bg2 e6 5. O-O Be7 6. d4 O-O 7. Re1 Na6 8. a3 d5 9. cxd5 exd5 10. Nc3 c5 11. Bf4 Nc7 12. Qc2 Ne6 13. dxc5 bxc5 14. Be5 Qa5 15. Rad1 Rfd8 16. Nd2 Ng4 17. Nc4 dxc4 18.
Bxb7 Nxe5 19. Bxa8 Rxa8 20. Qe4 Rb8 21. Qxe5 Rxb2 22.
Nd5 Rb7 23. Nxe7+ Rxe7 24. Qb8+ Nf8 25. Kf1 Qc7 26. Rd8 Qxb8 27. Rxb8 g6 28. Rc1 Kg7 29. Rxc4 Ne6 30. e3 Kf6 31. Ke2 Ke5 32. Rb1 Kd5 33.
Ra4 Rc7 34. Ra6 Ke5 35. f4+ Kf6 36. Rc1 h5 37. e4 Ke7 38. e5 Nd4+ 39. Ke3 Ne6 40. Rb1 c4 41. Rd6 c3 42. Rc1 c2 43.
Rd2 Rc3+ 44. Rd3 Rc7 45. Kd2 Nc5 46. Re3 Rd7+ 47. Kxc2 Ne6 48. Rd1 Rc7+ 49. Kd2 Nd4 50. Rd3 Rc2+ 51. Ke3 Nf5+ 52. Kf3 Rxh2 53. Rd8 Ra2 54.
R1d7+ Ke6 55. Rxa7 h4 56. g4 h3 57. gxf5+ Kxf5 58.
Rxf7+ Ke6 59. Rf6+ Ke7 60. Rh8 h2 61. Rxg6 Kf7 62.
Rgh6 Rxa3+ 63. Ke4 Ra4+ 64. Kf5 Kg7 65. R6h7# 1-0

[Event "*** Titled Tuesday Blitz"]
[Site "Chess.com"]
[Date "2019.09.03"]
[Round "8"]
[White "Alexandercs432"]
[Black "goofypenguin96"]
[Result "1-0"]
[WhiteElo "2048"]
[BlackElo "2238"]
[TimeControl "180+2"]
[EndTime "16:53:21 PDT"]
[Termination "Alexandercs432 won by checkmate"]

1. e4 c6 2. d4 d5 3. e5 c5 4. c4 e6 5. Nf3 Ne7 6. Nc3 Nbc6 7. Bd3 dxc4 8. Bxc4 cxd4 9. Nb5 Nf5 10. Bg5 Bb4+ 11.
Kf1 Be7 12. h4 a6 13. Na3 h5 14. Bd3 Bxg5 15. hxg5 g6 16. Nc4 b5 17. Ncd2 Bb7 18. Ne4 Kf8 19. Qd2 Kg7 20. Nf6 Qc7 21. Rc1 Rac8 22.
Kg1 Qb8 23. Qe2 Nb4 24. Rd1 Nxd3 25. Qxd3 Bxf3 26. Qxf3 Qxe5 27. g3 Qd5 28. Nxd5 exd5 29. Qxd5 Rhd8 30. Qf3 Rc2 31. Rxh5 gxh5 32. Qxf5 Rcc8 33.
Rxd4 Rxd4 34. Qf6+ Kg8 35. Qxd4 Rc6 36. Qd8+ Kg7 37.
Qd4+ Kg8 38. f4 Rc2 39. Qd8+ Kg7 40. Qf6+ Kg8 41. f5 Rd2 42. g6 fxg6 43. fxg6 Rd7 44. Qe6+ Kg7 45. Qxd7+ Kxg6 46. Qa7 Kg5 47. Qxa6 Kg4 48.
Qxb5 h4 49. Qe2+ Kh3 50. Qg2+ Kg4 51. a4 h3 52. Qe4+ Kg5 53. a5 Kf6 54. a6 Kf7 55. a7 Kg7 56. a8=Q Kh6 57. Qa5 Kg7 58. Qb7+ Kf6 59.
Qbb6+ Ke7 60. Qaa7+ Ke8 61. Qbb8# 1-0

[Event "*** Titled Tuesday Blitz"]
[Site "Chess.com"]
[Date "2019.09.03"]
[Round "8"]
[White "adriangschnitzer"]
[Black "DishonorOnYourCow"]
[Result "1-0"]
[WhiteElo "2527"]
[BlackElo "2231"]
[TimeControl "180+2"]
[EndTime "16:53:22 PDT"]
[Termination "adriangschnitzer won on time"]

1. c4 e5 2. Nc3 Nc6 3. Nf3 Nf6 4. e3 Bb4 5. Qc2 Bxc3 6. Qxc3 Qe7 7. b3 d5 8. d4 Ne4 9. Qb2 dxc4 10. bxc4 exd4 11.
Nxd4 Nxd4 12. Qxd4 O-O 13. Bd3 Qb4+ 14. Ke2 Nf6 15. Rb1 Qe7 16. g4 Rd8 17. Qc3 Bxg4+ 18. f3 Bh5 19. Rxb7 Qd6 20. Rb5 a6 21. Rxh5 Nxh5 22.
Bb2 Re8 23. Be4 Rab8 24. Qc2 Qh6 25. Rg1 f5 26. Bd5+ Kh8 27. Qc3 Rxb2+ 28. Qxb2 Qxe3+ 29. Kf1 Qd3+ 30. Kf2 Qe3+ 31. Kf1 Qd3+ 32. Kf2 Nf6 33. Re1 Rxe1 34. Kxe1 Qe3+ 35. Kf1 Qd3+ 36. Ke1 Qe3+ 37. Kf1 Qd3+ 38. Kf2 h6 39. Bf7 Qd7 40. Bg6 Qd8 41. Bxf5 Qf8 42. Qe5 Ng8 43. Be4 Qd8 44. Qf5 Nf6 45. Bd5 Nxd5 46. cxd5 Qh4+ 47. Kg2 Qc4 48. a3 1-0

[Event "*** Titled Tuesday Blitz"]
[Site "Chess.com"]
[Date "2019.09.03"]
[Round "8"]
[White "popov_m"]
[Black "12teen"]
[Result "1-0"]
[WhiteElo "2632"]
[BlackElo "2741"]
[TimeControl "180+2"]
[EndTime "16:53:24 PDT"]
[Termination "popov_m won by checkmate"]

1. e4 a6 2. d4 b5 3. Bd3 Bb7 4. Qe2 e6 5. Nf3 Nf6 6. O-O d5 7. Nbd2 Be7 8. e5 Nfd7 9. c3 c5 10. Re1 Nc6 11. Nf1 g5 12. Be3 h5 13. N3d2 Qb6 14.
a4 cxd4 15. cxd4 b4 16. Nb3 g4 17. a5 Qd8 18. Rec1 Rg8 19. Bc2 h4 20. Qd3 Nf8 21. Bd1 h3 22. g3 Ng6 23. Nc5 Ncxe5 24. dxe5 Nxe5 25. Ba4+ Kf8 26. Bh6+ Rg7 27. Qh7 Nf3+ 28.
Kh1 Bf6 29. Nxb7 Qb8 30. Qh8+ Ke7 31. Qxb8 Rxb8 32. Rc7+ Kf8 33. Bxg7+ Kxg7 34. Ne3 Bxb2 35. Rb1 Bc3 36. Nxg4 Kg6 37. Bc2+ f5 38. Ne3 d4 39. Nc4 Rd8 40. Nbd6 Kf6 41. Bd1 Ng5 42. f4 Ne4 43. Nxe4+ fxe4 44. Bh5 e5 45. fxe5+ Ke6 46. Rf1 d3 47.
Bf7# 1-0

[Event "*** Titled Tuesday Blitz"]
[Site "Chess.com"]
[Date "2019.09.03"]
[Round "8"]
[White "13MiRacLe"]
[Black "Walter_White_Poland"]
[Result "1-0"]
[WhiteElo "2682"]
[BlackElo "2327"]
[TimeControl "180+2"]
[EndTime "16:53:41 PDT"]
[Termination "13MiRacLe won on time"]

1. e4 e5 2. Nf3 Nc6 3. Bb5 a6 4. Ba4 Nf6 5. O-O b5 6. Bb3 Be7 7. d3 d6 8. a4 Bg4 9. c3 O-O 10. h3 Be6 11. Bc2 d5 12. exd5 Nxd5 13. Re1 Bf6 14. Nbd2 Bf5 15. Ne4 Bxe4 16. dxe4 Nb6 17.
axb5 axb5 18. Rxa8 Qxa8 19. Bb3 Na5 20. Be3 Nbc4 21.
Bxc4 Nxc4 22. b3 Rd8 23. Qc1 Nd6 24. Bg5 Nxe4 25. Bxf6 Nxf6 26. Nxe5 Qd5 27. c4 bxc4 28. bxc4 Qd2 29. Qxd2 Rxd2 30. Ra1 g6 31. Ra8+ Kg7 32.
Rc8 Re2 33. f4 Nh5 34. Rxc7 Nxf4 35. Rxf7+ Kg8 36. Rxf4 Rxe5 37. Kf2 Kg7 38. h4 h5 39. Kf3 Re1 40. Re4 Rc1 41. Ke3 Rc2 42. g4 hxg4 43. Rxg4 Kh6 44. Kd4 Kh5 45. Re4 Kh6 46. c5 Kg7 47. Rf4 Rd2+ 48. Kc4 Rc2+ 49. Kb5 1-0

[Event "*** Titled Tuesday Blitz"]
[Site "Chess.com"]
[Date "2019.09.03"]
[Round "8"]
[White "nocnypako"]
[Black "becemix"]
[Result "1-0"]
[WhiteElo "2585"]
[BlackElo "2408"]
[TimeControl "180+2"]
[EndTime "16:53:49 PDT"]
[Termination "nocnypako won on time"]

1. d4 d5 2. c4 e6 3. Nc3 c6 4. Nf3 Nf6 5. Bg5 h6 6. Bh4 dxc4 7. e4 g5 8. Bg3 b5 9. Be2 Bb7 10. h4 Rg8 11. hxg5 hxg5 12. Qc2 Nbd7 13. O-O-O Qb6 14. Ne5 Nxe5 15. Bxe5 Nd7 16. Bh5 Bg7 17. Bxg7 Rxg7 18. d5 cxd5 19. exd5 O-O-O 20. Bxf7 Rxf7 21. dxe6 Qxe6 22. Nxb5 Kb8 23. Nd6 Re7 24. Nxb7 Kxb7 25. Qc3 Rc8 26. Kb1 Nb6 27. Ka1 Qe4 28. Rde1 Qxg2 29. Rxe7+ Ka8 30.
Qe1 c3 31. bxc3 Nd5 32. Qe4 Qxe4 33. Rxe4 Nxc3 34. Re5 Rd8 35. Rc1 Na4 36. Rxg5 Kb7 37.
Rg7+ Ka6 38. Rg6+ Ka5 39. Rg5+ Kb4 40. Rg4+ Ka5 41. f4 Rd4 42. Rg5+ Kb4 43. Rb1+ Kc4 44. f5 Nc3 45. Rc1 Rd2 46. Rg4+ Kd3 47. Rg3+ Ke4 48. Rgxc3 1-0

[Event "*** Titled Tuesday Blitz"]
[Site "Chess.com"]
[Date "2019.09.03"]
[Round "8"]
[White "KL31"]
[Black "vova-79"]
[Result "0-1"]
[WhiteElo "2509"]
[BlackElo "2417"]
[TimeControl "180+2"]
[EndTime "16:53:51 PDT"]
[Termination "vova-79 won on time"]

1. d4 d5 2. Nf3 Nf6 3. Bf4 c5 4. e3 Nc6 5. Nbd2 cxd4 6. exd4 Bg4 7. c3 e6 8. Qb3 Qc8 9. Ne5 Bh5 10. Bb5 Nd7 11. Nxc6 bxc6 12. Bd3 Be7 13. O-O O-O 14. Rfe1 c5 15. Qa4 Nb6 16. Qa6 cxd4 17. cxd4 Bf6 18.
Nb3 Nc4 19. Qxc8 Rfxc8 20. Rab1 a5 21. Be5 a4 22. Bxf6 axb3 23. axb3 Nd2 24. Bg5 Nxb1 25. Rxb1 Bg6 26. Bxg6 hxg6 27. Be7 Rc2 28. h4 Rac8 29. Bc5 e5 30. b4 exd4 31. Rd1 Rxb2 32. Rxd4 Rd8 33. g4 f6 34. Rd3 Kf7 35. Kg2 Rc2 36.
Kf3 Rc4 37. Ra3 Rd7 38. Rd3 Ke6 39. Re3+ Re4 40. Rxe4+ dxe4+ 41. Kxe4 f5+ 42. Kf4 Rd3 43. Kg5 fxg4 44. Kxg6 g3 45. Kxg7 g2 46. f4 g1=Q+ 47. Bxg1 Rg3+ 0-1

[Event "*** Titled Tuesday Blitz"]
[Site "Chess.com"]
[Date "2019.09.03"]
[Round "8"]
[White "WPWPWP-2015"]
[Black "yiy1156"]
[Result "1-0"]
[WhiteElo "2455"]
[BlackElo "2559"]
[TimeControl "180+2"]
[EndTime "16:53:57 PDT"]
[Termination "WPWPWP-2015 won by checkmate"]

1. e4 c5 2. Nf3 e6 3. c4 Nc6 4. d4 cxd4 5. Nxd4 Nf6 6. Nc3 Bb4 7. Nxc6 bxc6 8. Bd3 e5 9. O-O O-O 10. Bg5 h6 11. Bd2 Bc5 12. Qf3 d6 13. h3 Be6 14.
Rfe1 Rb8 15. Rab1 Nd7 16. Na4 Bd4 17. b4 Nb6 18. Nxb6 axb6 19. a4 c5 20. b5 Ra8 21.
Qd1 Qh4 22. Be3 Ra5 23. Bxd4 cxd4 24. Rb4 Rfa8 25. Bc2 R5a7 26. Qd3 Qe7 27. Rb2 g6 28. Bb3 Kg7 29. f4 f5 30. exf5 Bxf5 31. Qd1 Qf6 32. Rd2 Re7 33. fxe5 dxe5 34. g4 Bd7 35. Rf2 Qd6 36. Qf3 Rae8 37. Bc2 Qe6 38. Qe4 Rf8 39. Rxf8 Kxf8 40. Qxg6 Qxg6 41. Bxg6 Kg7 42. Be4 Kf6 43. c5 bxc5 44. b6 Bxa4 45. b7 Re8 46. Rc1 Rb8 47.
Rxc5 d3 48. Rc8 Rxb7 49. Bxb7 d2 50. Bf3 d1=Q+ 51. Bxd1 Bxd1 52. Kf2 Bb3 53. Re8 Bd5 54.
Kg3 Be4 55. Rh8 Kg6 56. Rd8 Bc2 57. Rd6+ Kg5 58. h4# 1-0